 Dungeon Crawl Stone Soup version 0.28.0-45-g0d030f2227 (webtiles) character file.

Game seed: 12499040431640941782

307 101zpm the Covered (level 6, -1/39 HPs)
             Began as a Gargoyle Fighter on Apr 10, 2022.
             Was a Believer of Okawaru.
             Slain by Grinder (5 damage)
             ... on level 5 of the Dungeon.
             The game lasted 00:08:34 (4706 turns).

101zpm the Covered (Gargoyle Fighter)               Turns: 4706, Time: 00:08:35

Health: -1/39      AC: 14    Str: 21    XL:     6   Next: 40%
Magic:  5/6        EV:  9    Int:  9    God:    Okawaru [**....]
Gold:   221        SH:  4    Dex:  9    Spells: 5/5 levels left

rFire   . . .      SeeInvis .   a - +1 flail
rCold   . . .      Faith    .   c - +0 buckler
rNeg    + . .      Spirit   .   b - +0 scale mail
rPois   ∞          Reflect  .   t - +0 helmet
rElec   +          Harm     .   (no cloak)
rCorr   .          Rampage  .   z - +0 pair of gloves
Will    .....                   (no boots)
Stlth   ..........              (no amulet)
HPRegen 0.13/turn               (no ring)
MPRegen 0.10/turn               (no ring)

@: no status effects
A: sickness immunity, AC +4, negative energy resistance 1, electricity
resistance, torment resistance 1, petrification resistance
a: Renounce Religion, Heroism


You were on level 5 of the Dungeon.
You worshipped Okawaru.
Okawaru was pleased with you.
You visited 1 branch of the dungeon, and saw 5 of its levels.

You collected 221 gold pieces.

Inventory:

Hand Weapons
 a - a +1 flail (weapon)
Missiles
 h - 108 stones
 i - 3 boomerangs
 l - 6 poisoned darts (quivered)
 x - 27 sling bullets
Armour
 b - a +0 scale mail (worn)
 c - a +0 buckler (worn)
 t - a +0 helmet (worn)
 z - a +0 pair of gloves (worn)
Jewellery
 v - a ring of fire
Scrolls
 f - 2 scrolls of enchant weapon
 m - a scroll of amnesia {unknown}
 n - 2 scrolls of noise
 p - a scroll of vulnerability {unknown}
 q - a scroll of torment {unknown}
 w - a scroll of teleportation {unknown}
 y - a scroll of magic mapping {unknown}
Potions
 d - 3 potions of might
 e - 3 potions of curing {unknown}
 g - a potion of attraction {unknown}
 j - a potion of resistance {unknown}
 k - a potion of brilliance {unknown}
 o - a potion of flight {unknown}
 r - a potion of mutation {unknown}
 s - a potion of heal wounds
 u - a potion of magic {unknown}


   Skills:
 + Level 4.4 Fighting
 + Level 4.0 Maces & Flails
 + Level 0.1 Throwing
 + Level 5.0 Armour
 + Level 1.1 Dodging
 + Level 0.4 Stealth
 + Level 3.8 Shields


You had 5 spell levels left.
You didn't know any spells.
Your spell library contained the following spells:

 Spells                   Type           Power      Damage    Failure   Level
 Sting                    Tmut/Pois      0%         1d3       80%         1
 Poisonous Vapours        Pois/Air       0%         N/A       91%         2
 Olgreb's Toxic Radiance  Pois           0%         N/A       100%        4
 Passage of Golubria      Tloc           0%         N/A       100%        4
 Petrify                  Tmut/Erth      0%         N/A       100%        4
 Irradiate                Conj/Tmut      0%         3d13      100%        5
 Silence                  Hex/Air        0%         N/A       100%        5
 Lehudib's Crystal Spear  Conj/Erth      0%         10d2      100%        8
 Sublimation of Blood     Necr           Unusable   N/A       N/A         2

Dungeon Overview and Level Annotations

Branches:
Dungeon (5/15)             Temple (0/1) D:5

Altars:
Elyvilon
Okawaru
Ru
Trog
Uskayaw
Wu Jian

Shops:
D:2 :   D:3 [

Annotations:
D:5 Duvessa, Edmund, Grinder


Innate Abilities, Weirdness & Mutations

You are immune to sickness and miasma.
Your stone body is resilient. (AC +4)
You are immune to poison.
You resist negative energy. (rN+)
You are resistant to electric shocks. (rElec)
You are resistant to unholy torment.
You are immune to petrification.


Message History

The shadow imp gestures at you. Pain shoots through your body!
* * * LOW HITPOINT WARNING * * *
Grinder hits you but does no damage.
You hit the shadow imp.
The shadow imp is heavily wounded.
The walls and floor vibrate strangely for a moment.
The shadow imp hits you but does no damage.
You block Grinder's attack.
You hit the shadow imp.
The shadow imp is almost dead.
The shadow imp hits you but does no damage.
Grinder hits you.
* * * LOW HITPOINT WARNING * * *
You closely miss the shadow imp.
The shadow imp is almost dead.
The shadow imp hits you but does no damage.
Grinder blinks!
You closely miss the shadow imp.
The shadow imp is almost dead.
The shadow imp barely misses you.
You completely miss the shadow imp.
The shadow imp is almost dead.
You block the shadow imp's attack. Grinder barely misses you.
You closely miss the shadow imp.
The shadow imp is almost dead.
The shadow imp hits you but does no damage.
You block Grinder's attack.
You thump the shadow imp!
You kill the shadow imp!
Okawaru accepts your kill. Grinder gestures at you.
You suddenly lose the ability to move!
Grinder hits you but does no damage.
You can move again.
You hit Grinder but do no damage.
You feel like a meek peon again.
Grinder says, "FISH!"
Grinder hits you.
You die...

. #$#.#.#§§≈...§
..##.#.#.#≈§.≈≈≈.
.........#.§≈≈≈≈≈
.........#..(....
.#..!.#...# .....!...##
..### ##.#####.# ..#..
#.......# #"#.#
#######@# #8.. ##5##
#>. #.))# #8#
##...########.######
#(....#.......#..... #
#+###'######....####
.......#..####....####
### .
.......#..#..........#
#<+
'###'###'..'..#.#..##..


You could see Grinder.

Vanquished Creatures
  2 scorpions (D:4)
  An orc priest (D:4)
  An iguana (D:5)
  3 adders
  A shadow imp (D:5)
  2 worms (D:2)
  9 orcs
  9 bats
  9 endoplasms
  3 giant cockroaches (D:2)
  6 hobgoblins
  10 jackals
  6 kobolds
  2 quokkas
  5 ball pythons
  3 frilled lizards
  2 goblins
  10 rats
84 creatures vanquished.

Notes
Turn   | Place    | Note
-------+----------+-------------------------------------------
     0 | D:1      | 101zpm the Gargoyle Fighter began the quest for the Orb.
     0 | D:1      | Reached XP level 1. HP: 14/14 MP: 1/1
   151 | D:1      | Reached XP level 2. HP: 19/19 MP: 2/2
   641 | D:1      | Reached XP level 3. HP: 21/24 MP: 3/3
   726 | D:1      | Found a faded altar of an unknown god.
  1422 | D:1      | Prayed at the altar of an unknown god.
  1422 | D:1      | Became a worshipper of Warmaster Okawaru
  1422 | D:1      | Reached * piety under Okawaru
  1446 | D:2      | Found Inkiu's Book Shoppe.
  1787 | D:2      | Reached XP level 4. HP: 19/29 MP: 4/4
  2624 | D:3      | Found Bomif's Antique Armour Shoppe.
  2781 | D:3      | Found a sacrificial altar of Ru.
  3550 | D:4      | Noticed a scorpion
  3566 | D:4      | Killed a scorpion
  3567 | D:4      | Reached skill level 4 in Armour
  3567 | D:4      | Reached XP level 5. HP: 32/33 MP: 3/5
  3736 | D:4      | Noticed a +0 dagger
  3737 | D:4      | Noticed a +0 short sword
  3738 | D:4      | Noticed a +0 falchion
  3739 | D:4      | Noticed a +0 dagger
  3741 | D:4      | Noticed a +0 spear
  3741 | D:4      | Noticed a +0 spear
  3742 | D:4      | Noticed a +0 short sword
  3743 | D:4      | Noticed a +0 falchion
  3851 | D:4      | Found a hide-covered altar of Uskayaw.
  3970 | D:5      | Entered Level 5 of the Dungeon
  3989 | D:5      | Noticed Duvessa
  4287 | D:4      | Reached ** piety under Okawaru
  4288 | D:4      | Reached skill level 1 in Dodging
  4288 | D:4      | Reached XP level 6. HP: 36/38 MP: 6/6
  4509 | D:5      | Found an ornate altar of the Wu Jian Council.
  4530 | D:5      | Found a staircase to the Ecumenical Temple.
  4535 | D:5      | Noticed Edmund
  4561 | D:5      | Found a bloodstained altar of Trog.
  4660 | D:5      | Reached skill level 5 in Armour
  4668 | D:5      | Found a white marble altar of Elyvilon.
  4669 | D:5      | Noticed Grinder
  4679 | D:5      | Paralysed by Grinder for 6 turns
  4690 | D:5      | Paralysed by Grinder for 6 turns
  4704 | D:5      | Paralysed by Grinder for 2 turns
  4706 | D:5      | Slain by Grinder

Illustrated notes

Levels and vault maps discovered:
D:1:      minmay_arrival_stone_box, layout_loops_corners,
          hellmonk_ecumenical_altar_arch_garden
D:2:      layout_loops_cross, serial_shops, shop_fountains
D:3:      layout_basic, nicolae_ru_sacrificial_ziggurat, serial_shops,
          nicolae_shop_crystal
D:4:      layout_cave_pools, nicolae_uskayaw_en_pointe, minmay_misc_feat_cross
D:5:      layout_loops_cross, mainiacjoe_overflow_surrounded_room,
          mainiacjoe_overflow_24_doors, mainiacjoe_overflow_paths,
          temple_statues, gup_sewer_entry_bowl, uniq_edmund, uniq_grinder,
          uniq_duvessa, uniq_blork_the_orc

Skill      XL: |  1  2  3  4  5  6 |
---------------+-------------------+-----
Maces & Flails | 3 4 |  4.0
Fighting       | 4 |  4.4
Armour         | 4 5 |  5.0
Dodging        | 1 |  1.1
Throwing       | |  0.1
Stealth        | |  0.4
Shields        | |  3.8

Action                   |  1- 3 |  4- 6 || total
-------------------------+-------+-------++-------
Melee: Flail             |   188 |   175 ||   363
Throw: Dart              |       |     7 ||     7
Invok: Heroism           |       |     2 ||     2
  Use: Scroll            |       |     2 ||     2
Armor: Scale mail        |   121 |   101 ||   222
Dodge: Dodged            |   139 |    79 ||   218
Block: Buckler           |    61 |    37 ||    98
